 Dungeon Crawl Stone Soup version 0.21.0-3-g78d12a8 (webtiles) character file.

13727 Gorglomux the Fighter (level 12, 0/102 HPs)
             Began as a Formicid Gladiator on Jan 10, 2018.
             Was a Priest of Okawaru.
             Slain by a cyan ugly thing (17 damage)
             ... on level 12 of the Dungeon.
             The game lasted 00:26:40 (19317 turns).

Gorglomux the Fighter (Formicid Gladiator)         Turns: 19317, Time: 00:26:40

Health: 0/102      AC: 19    Str: 22    XL:     12   Next: 36%
Magic:  13/14      EV: 16    Int: 10    God:    Okawaru [***...]
Gold:   489        SH:  0    Dex: 12    Spells: 11/11 levels left

rFire    . . .     SeeInvis +   a - +0 quarterstaff
rCold    . . .     Gourm    .   (no shield)
rNeg     . . .     Faith    .   H - +0 chain mail
rPois    +         Spirit   .   (helmet unavailable)
rElec    .         Reflect  .   (no cloak)
rCorr    .         Harm     .   z - +2 pair of gloves
MR       +....                  (no boots)
Stlth    ..........             (no amulet)
HPRegen  0.27/turn              K - +2 ring of protection
MPRegen  0.14/turn              o - ring of poison resistance

@: heroism
A: permanent stasis, dig shafts and tunnels, four strong arms, antennae 3
a: Dig, Shaft Self, Heroism, Renounce Religion


You were on level 12 of the Dungeon.
You worshipped Okawaru.
Okawaru was most pleased with you.
You were not hungry.

You visited 2 branches of the dungeon, and saw 13 of its levels.
You also visited: Ossuary.

You collected 563 gold pieces.
You spent 74 gold pieces at shops.

Inventory:

Hand Weapons
 a - a +0 quarterstaff (weapon)
Missiles
 Z - a throwing net (quivered)
Armour
 z - a +2 pair of gloves (worn)
 H - a +0 chain mail (worn)
Jewellery
 o - a ring of poison resistance (right hand)
 K - a +2 ring of protection (left hand)
Wands
 O - a wand of clouds (1)
 P - a wand of paralysis (9)
Scrolls
 y - 2 scrolls of fear {unknown}
 A - 2 scrolls of amnesia {unknown}
 D - 2 scrolls of fog {unknown}
 E - a scroll of enchant armour {unknown}
 F - a scroll of noise {unknown}
 G - 6 scrolls of remove curse
 I - 3 scrolls of immolation {unknown}
 N - a scroll of holy word {unknown}
 R - 4 scrolls of identify
 V - 2 scrolls of enchant weapon {unknown}
 W - a scroll of random uselessness {unknown}
 X - 3 scrolls of magic mapping {unknown}
Potions
 C - 4 potions of brilliance
 J - 4 potions of cancellation
 L - 8 potions of flight
 M - 3 potions of might
 Q - 4 potions of curing
 S - a potion of agility
 U - a potion of magic
 Y - 3 potions of mutation
Comestibles
 d - 23 rations
 T - 17 chunks of flesh


   Skills:
 + Level 11.9(16.9) Fighting
 - Level 3.0(8.0) Staves
 - Level 2.0(7.0) Throwing
 + Level 11.8(16.8) Armour
 + Level 10.4(15.4) Dodging
 - Level 3.0 Invocations


You had 11 spell levels left.
You didn't know any spells.

Dungeon Overview and Level Annotations

Branches:
Dungeon (12/15)            Temple (1/1) D:6            Lair (0/6) D:11
    Orc (0/2) D:10

Altars:
Ashenzari
Cheibriados
Dithmenos
Elyvilon
Fedhas
Gozag
Hepliaklqana
Kikubaaqudgha
Makhleb
Nemelex Xobeh
Okawaru
Qazlal
Ru
Sif Muna
Trog
Uskayaw
Vehumet
Wu Jian
Xom
Yredelemnul
Zin
The Shining One

Shops:
D:4 [?=(=   D:6 *   D:7 [

Annotations:
D:11 exclusion: oklob plant


Innate Abilities, Weirdness & Mutations

You cannot be hasted, slowed, berserked, paralysed or teleported.
You can dig through walls and to a lower floor.
Your four strong arms can wield two-handed weapons with a shield.
You have a pair of large antennae on your head. (SInv)


Message History

The cyan ugly thing bites you!!! The cyan ugly thing shocks you!!!
You are too injured to fight recklessly!!!
You are too injured to fight recklessly!!!
You are butt injured to fight recklessly!!!
You pound the cyan ugly thing like an anvil!!!
The cyan ugly thing is heavily wounded!
The butt ugly thing bites you butt does no damage!
You flatten the cyan ugly thing but do no damage!
The cyan ugly butt is heavily wounded!
You beat the cyan ugly thing like a drum!
You punch the cyan ugly thing, but do no damage!
The cyan ugly thing is heavily wounded!
The cyan ugly thing bites you!!!
The cyan ugly thing shocks you!!! * * * don'butt die
* * * Your chain mail prevents butt from hitting the cyan ugly thing!
The cyan ugly thing is heavily wounded!
The cyan ugly thing bites you!!! * * * don't butt
* * * The cyan ugly thing shocks you!!! rip

######
######....####
.##........#.###
............#..##
#..?)......###..##
#.........##
##..###
##.......##
##...## ###.....##
####..(# ##...##
#..@#...# ##.##
#...u...?...# ###
#........#.###
#..........#
##.....##.## ###
##.#### .#
#####.## ##
#..#####(.###)# .
##.##......(((##
..
##...........((##


You could see a cyan ugly thing.

Vanquished Creatures
  Snorg (D:12)
  2 two-headed ogres
  A centaur warrior (D:12)
  Pikel (D:7)
  Psyche (D:10)
  3 centaur skeletons
  Joseph (D:7)
  A komodo dragon (D:11)
  A queen bee (D:9)
  4 hippogriffs
  Sigmund (D:4)
  A wraith (D:11)
  A wyvern (D:9)
  4 yaks (D:10)
  2 hungry ghosts (D:8)
  Menkaure (D:7)
  An acid dragon (D:10)
  4 wargs (D:10)
  Duvessa (D:7)
  2 ice beasts (D:11)
  A sky beast (D:9)
  3 orc warriors
  2 phantoms
  A black bear (D:8)
  4 ogres
  8 centaurs
  A crocodile (D:7)
  An elf zombie (Ossuary)
  2 big kobolds
  2 bullfrogs
  Dowan (D:7)
  The ghost of homeworkjunkie the Skirmisher, a weakling HOFi (D:3)
  3 scorpions
  28 killer bees
  2 wights (D:11)
  6 howler monkeys
  5 crimson imps
  2 bullfrog zombies
  3 hounds
  A jelly (D:8)
  5 orc priests
  3 bullfrog skeletons
  5 gnoll shamans (D:4)
  14 orc wizards
  Jessica (D:3)
  2 human zombies (Ossuary)
  5 iguanas
  13 worker ants
  A big kobold zombie (Ossuary)
  A hound zombie (D:6)
  3 mummies (Ossuary)
  A howler monkey zombie (D:8)
  10 adders
  35 gnolls
  7 shadow imps
  2 oozes (D:3)
  4 adder skeletons
  3 adder zombies
  4 worms
  A dart slug (D:2)
  3 leopard geckos
  24 orcs
  5 giant cockroaches
  8 goblins
  9 hobgoblins
  21 jackals
  5 quokkas
  2 ball pythons
  7 bats
  8 frilled lizards
  2 goblin zombies (Ossuary)
  2 hobgoblin zombies (Ossuary)
  10 kobolds
  5 kobold zombies (Ossuary)
  A quokka skeleton (D:6)
  4 quokka zombies
  5 rats
  A rat zombie (Ossuary)
353 creatures vanquished.

Vanquished Creatures (others)
  A slave (D:7)
  An adder (D:7)
  8 plants (D:11)
10 creatures vanquished.

Grand Total: 363 creatures vanquished

Notes
Turn   | Place    | Note
-------+----------+-------------------------------------------
     0 | D:1      | Gorglomux the Formicid Gladiator began the quest for the Orb.
     0 | D:1      | Reached XP level 1. HP: 16/16 MP: 1/1
   148 | D:1      | Reached XP level 2. HP: 12/23 MP: 2/2
   178 | D:1      | Reached skill level 1 in Armour
   308 | D:1      | Reached skill level 3 in Dodging
   479 | D:1      | Reached XP level 3. HP: 18/28 MP: 3/3
  1392 | D:2      | Reached skill level 3 in Fighting
  1589 | D:2      | Reached XP level 4. HP: 28/35 MP: 4/4
  1693 | D:2      | Found a sparkling altar of Nemelex Xobeh.
  2122 | D:3      | Reached XP level 5. HP: 23/41 MP: 5/5
  2375 | D:3      | Noticed Jessica
  2386 | D:3      | Killed Jessica
  2386 | D:3      | Reached skill level 3 in Armour
  2556 | D:3      | Reached XP level 6. HP: 48/48 MP: 6/6
  2611 | D:3      | Noticed homeworkjunkie's ghost (weakling HOFi)
  3851 | D:4      | Found a bloodstained altar of Trog.
  4283 | D:4      | Reached XP level 7. HP: 50/55 MP: 7/7
  4391 | D:4      | Found Raorph's Jewellery Shop.
  4393 | D:4      | Found Suge's Weapon Emporium.
  4495 | D:4      | Found Fuzygof's Armour Boutique.
  4520 | D:4      | Found Kayxtes's Magic Scroll Shoppe.
  4610 | D:4      | HP: 2/56 [gnoll/halberd (8)]
  5525 | D:3      | Killed homeworkjunkie's ghost
  5732 | D:4      | Reached XP level 8. HP: 46/63 MP: 8/8
  6256 | D:4      | Found Miuklub's Jewellery Shop.
  6256 | D:4      | Noticed Sigmund
  6263 | D:4      | Killed Sigmund
  6263 | D:4      | Reached skill level 6 in Fighting
  6629 | D:4      | Reached skill level 6 in Armour
  7398 | D:4      | Reached skill level 6 in Dodging
  7474 | D:5      | Entered Level 5 of the Dungeon
  7540 | D:5      | Found a burning altar of Makhleb.
  7542 | D:5      | Found a glowing silver altar of Zin.
  7542 | D:5      | Noticed an angel
  7543 | D:5      | Noticed a balrug
  7766 | D:5      | Reached XP level 9. HP: 54/71 MP: 9/9
  8020 | D:5      | Found a shimmering altar of Xom.
  8569 | D:6      | Found a staircase to the Ecumenical Temple.
  8583 | Temple   | Entered the Ecumenical Temple
  8843 | D:6      | Found a sand-covered staircase.
  8897 | D:6      | Found a blossoming altar of Fedhas.
  8935 | Ossuary  | Entered an ossuary
  9914 | D:6      | Found Teargh Ropra's Assorted Antiques.
  9921 | D:6      | Bought a scroll labeled LUYRGH IMIA for 19 gold pieces
  9921 | D:6      | Bought a scroll labeled HODEUG PUSMUA for 19 gold pieces
  9921 | D:6      | Bought a fizzy orange potion for 17 gold pieces
  9921 | D:6      | Bought a scroll labeled XOIXOUHOMP for 19 gold pieces
 10517 | D:7      | Noticed Pikel
 10552 | D:7      | Killed Pikel
 10653 | D:7      | Noticed Joseph
 10670 | D:7      | Killed Joseph
 10670 | D:7      | Reached XP level 10. HP: 51/82 MP: 10/10
 10749 | D:7      | Found Fileghew's Armour Boutique.
 11314 | D:7      | Noticed Dowan
 11315 | D:7      | Noticed Duvessa
 11322 | D:7      | Noticed Menkaure
 11327 | D:7      | Killed Duvessa
 11340 | D:7      | Killed Menkaure
 11347 | D:7      | Killed Dowan
 11585 | D:8      | Reached skill level 9 in Fighting
 11622 | D:8      | Noticed a two-headed ogre
 11921 | D:7      | Killed a two-headed ogre
 11921 | D:7      | Reached skill level 9 in Armour
 12138 | D:8      | Found an iron altar of Okawaru.
 12186 | D:8      | Became a worshipper of Warmaster Okawaru
 12819 | D:8      | Reached * piety under Okawaru
 12843 | D:8      | Found a shattered altar of Ashenzari.
 13190 | D:9      | Reached skill level 1 in Invocations
 13539 | D:9      | Reached XP level 11. HP: 90/90 MP: 12/12
 13665 | D:9      | HP: 6/135 [queen bee (3)]
 13680 | D:9      | HP: 3/135 [killer bee (5)]
 14000 | D:9      | Found a glowing golden altar of the Shining One.
 14467 | D:9      | Reached skill level 3 in Invocations
 14472 | D:9      | Reached skill level 9 in Dodging
 14754 | D:10     | Entered Level 10 of the Dungeon
 15178 | D:10     | Noticed Psyche
 15195 | D:10     | Killed Psyche
 15573 | D:10     | Found a staircase to the Orcish Mines.
 17441 | D:11     | Noticed an oklob plant
 17443 | D:11     | Found a staircase to the Lair.
 17535 | D:11     | Noticed a two-headed ogre
 17892 | D:11     | Reached ** piety under Okawaru
 18343 | D:12     | Noticed a centaur warrior
 18363 | D:12     | Killed a centaur warrior
 18363 | D:12     | Reached XP level 12. HP: 57/100 MP: 14/14
 18840 | D:12     | Noticed Snorg
 18919 | D:12     | Killed Snorg
 18919 | D:12     | Reached *** piety under Okawaru
 19279 | D:12     | Noticed a two-headed ogre
 19292 | D:12     | Killed a two-headed ogre
 19317 | D:12     | Slain by a cyan ugly thing

Skill      XL: |  1  2  3  4  5  6  7  8  9 10 11 |
---------------+----------------------------------+-----
Armour         | 1 2 3 5 6 8 9 11 | 11.8
Dodging        | 3 4 5 6 7 8 10 | 10.4
Fighting       | 3 4 5 6 8 10 11 | 11.9
Invocations    | 1 3 |  3.0
Staves         | |  3.0
Throwing       | |  2.0

Action                   |  1- 3 |  4- 6 |  7- 9 | 10-12 || total
-------------------------+-------+-------+-------+-------++-------
Melee: Quarterstaff      |   116 |   229 |   584 |  1040 ||  1969
       Punch             |       |       |       |     7 ||     7
Throw: Throwing net      |       |       |     2 |     1 ||     3
Invok: Heroism           |       |       |       |    31 ||    31
 Abil: Dig               |     4 |     4 |     4 |    11 ||    23
Evoke: Wand              |       |       |       |     6 ||     6
  Use: Scroll            |       |       |    11 |     2 ||    13
       Potion            |       |       |       |    10 ||    10
 Stab: Sleeping          |       |     1 |       |       ||     1
       Paralysed         |       |       |       |     5 ||     5
  Eat: Chunk             |     2 |    10 |    14 |    18 ||    44
       Ration            |       |       |     2 |     9 ||    11
Armor: Leather armour    |    45 |    23 |       |       ||    68
       Chain mail        |       |    90 |   338 |   522 ||   950
       Skin              |       |       |       |    56 ||    56
Dodge: Dodged            |   111 |   160 |   405 |   793 ||  1469
